 Dungeon Crawl Stone Soup version 0.28.0-53-g5a82cb258f (webtiles) character file.

Game seed: 607999864929610554

831 safid the Cleaver (level 7, 0/59 HPs)
             Began as a Hill Orc Fighter on Aug 21, 2022.
             Was an Initiate of Okawaru.
             Slain by a water moccasin (1 damage)
             ... on level 6 of the Dungeon.
             The game lasted 00:05:31 (5619 turns).

safid the Cleaver (Hill Orc Fighter)                Turns: 5619, Time: 00:05:32

Health: 0/59       AC: 10    Str: 21    XL:     7   Next: 98%
Magic:  7/7        EV:  7    Int:  8    God:    Okawaru [......]
Gold:   203        SH:  4    Dex: 10    Spells: 6/6 levels left

rFire   . . .      SeeInvis .   a - +0 war axe
rCold   . . .      Faith    .   c - +0 buckler
rNeg    . . .      Spirit   .   v - +0 chain mail
rPois   .          Reflect  .   (no helmet)
rElec   .          Harm     .   (no cloak)
rCorr   .          Rampage  .   t - +0 pair of gloves
Will    .....                   (no boots)
Stlth   ..........              (no amulet)
HPRegen 0.19/turn               (no ring)
MPRegen 0.10/turn               (no ring)

@: brilliant, lethally poisoned (0 -> -4), studying Short Blades
A: no striking features
a: Renounce Religion


You were on level 6 of the Dungeon.
You worshipped Okawaru.
Okawaru was noncommittal.
You visited 2 branches of the dungeon, and saw 7 of its levels.

You collected 203 gold pieces.

Inventory:

Hand Weapons
 a - a +0 war axe (weapon)
Missiles
 n - 3 curare-tipped darts (quivered)
Armour
 c - a +0 buckler (worn)
 t - a +0 pair of gloves (worn)
 v - a +0 chain mail (worn)
 x - the +0 pair of gloves of the Skies Above {Harm rPois rC- rCorr}
   (You found it on level 5 of the Dungeon)

   rC:        It makes you vulnerable to cold.
   rPois:     It protects you from poison.
   rCorr:     It protects you from acid and corrosion.
   Harm:      It increases damage dealt and taken.
Wands
 p - a wand of polymorph (8)
 q - a wand of iceblast (9)
Scrolls
 e - 2 scrolls of identify {unknown}
 f - 2 scrolls of enchant weapon {unknown}
 h - 2 scrolls of amnesia {unknown}
 i - 2 scrolls of holy word {unknown}
 k - a scroll of immolation {unknown}
 r - a scroll of blinking {unknown}
 u - 3 scrolls of noise {unknown}
 y - a scroll of vulnerability {unknown}
Potions
 b - a potion of magic {unknown}
 d - a potion of might
 g - a potion of flight {unknown}
 j - a potion of cancellation {unknown}
 l - a potion of brilliance
 m - a potion of mutation {unknown}
 o - 2 potions of curing {unknown}
 s - 2 potions of lignification {unknown}
 w - a potion of attraction {unknown}


   Skills:
 - Level 4.0 Fighting
 + Level 10.8 Axes
 - Level 4.0 Armour
 - Level 4.0 Shields


You had 6 spell levels left.
You didn't know any spells.
Your spell library contained the following spells:

 Spells                   Type           Power      Damage    Failure   Level
 Hailstorm                Conj/Ice       0%         3d3       100%        4
 Ice Form                 Ice/Tmut       0%         N/A       100%        4
 Simulacrum               Ice/Necr       Unusable   N/A       N/A         6

Dungeon Overview and Level Annotations

Branches:
Dungeon (6/15)             Temple (1/1) D:5

Altars:
Ashenzari
Cheibriados
Dithmenos
Elyvilon
Fedhas
Gozag
Hepliaklqana
Nemelex Xobeh
Okawaru
Qazlal
Ru
Sif Muna
Uskayaw
Vehumet
Wu Jian
Xom
Yredelemnul
Zin
The Shining One

Shops:
D:6 (

Annotations:
D:5 2 transporters


Message History

The water moccasin poisons you!
You barely miss the water moccasin.
You feel very sick. The water moccasin bites you.
You are more poisoned.
The water moccasin poisons you! The water moccasin closely misses you.
You miss the water moccasin.
You feel extremely sick.
The water moccasin bites you but does no damage.
You closely miss the water moccasin.
You feel very sick.
The water moccasin bites you but does no damage.
The water moccasin bites you!
You miss the water moccasin.
You feel very sick. The water moccasin bites you.
You closely miss the water moccasin.
You feel very sick. The water moccasin bites you.
* * * LOW HITPOINT WARNING * * *
You block the water moccasin's attack.
You closely miss the water moccasin.
You feel very sick.
The water moccasin completely misses you.
Unknown command.
You barely miss the water moccasin.
You hear the slow rusting of a distant drain.
You feel sick. You block the water moccasin's attack.
The water moccasin bites you.
* * * LOW HITPOINT WARNING * * *
Unknown command.
You hit the water moccasin but do no damage.
You feel sick. The water moccasin bites you.
* * * LOW HITPOINT WARNING * * *
Unknown command.
It was a potion of brilliance.
You feel clever all of a sudden.
* * * LOW HITPOINT WARNING * * *
You feel sick. The water moccasin bites you.
You die...

##..$
##...#
..#.#
##...##
###.....###
#.........
#...S>#
#..@##
##...#
#.#..# #.
..... ##
###..P.
..?. ..P #P


You could see a water moccasin.

Vanquished Creatures
  An acid dragon (D:5)
  A sky beast (D:6)
  An ogre (D:5)
  2 scorpions
  An orc priest (D:5)
  A hound (D:4)
  2 bullfrog skeletons (D:5)
  A centaur skeleton (D:4)
  A scorpion zombie (D:5)
  6 gnolls
  12 adders
  2 worms (D:2)
  3 dart slugs
  2 orcs
  3 ball pythons
  8 endoplasms
  4 giant cockroaches
  8 goblins
  8 hobgoblins
  8 jackals (D:1)
  5 quokkas
  6 bats
  3 frilled lizards
  5 kobolds
  4 rats
98 creatures vanquished.

Vanquished Creatures (others)
  52 fungi (D:3)
52 creatures vanquished.

Grand Total: 150 creatures vanquished

Notes
Turn   | Place    | Note
-------+----------+-------------------------------------------
     0 | D:1      | safid the Hill Orc Fighter began the quest for the Orb.
     0 | D:1      | Reached XP level 1. HP: 19/19 MP: 1/1
   245 | D:1      | Reached XP level 2. HP: 25/27 MP: 2/2
   273 | D:1      | Reached skill level 3 in Axes
   682 | D:1      | Reached XP level 3. HP: 25/33 MP: 3/3
   810 | D:1      | Found a faded altar of an unknown god.
  1053 | D:2      | Reached XP level 4. HP: 27/40 MP: 4/4
  1304 | D:2      | Reached skill level 4 in Axes
  2414 | D:3      | Reached skill level 5 in Axes
  2474 | D:3      | Reached XP level 5. HP: 10/46 MP: 5/5
  2747 | D:3      | Found a hide-covered altar of Uskayaw.
  2880 | D:3      | Found a shimmering altar of Xom.
  2935 | D:3      | Identified the +3 dagger "Ehepnas" {drain, Will+}
  3251 | D:4      | Reached skill level 6 in Axes
  3389 | D:4      | Reached XP level 6. HP: 23/52 MP: 6/6
  3645 | D:4      | Reached skill level 7 in Axes
  4344 | D:5      | Entered Level 5 of the Dungeon
  4352 | D:5      | Reached skill level 8 in Axes
  4354 | D:5      | Reached XP level 7. HP: 10/59 MP: 7/7
  4625 | D:5      | Found a transporter.
  4644 | D:5      | Reached skill level 9 in Axes
  4906 | D:5      | Found a transporter.
  4932 | D:5      | Found a staircase to the Ecumenical Temple.
  4943 | Temple   | Entered the Ecumenical Temple
  5103 | Temple   | Became a worshipper of Warmaster Okawaru
  5243 | D:5      | Reached skill level 10 in Axes
  5288 | D:5      | Identified the +0 pair of gloves of the Skies Above {Harm
                  | rPois rC- rCorr}
  5568 | D:6      | Found Coestren's Antique Weapon Emporium.
  5618 | D:6      | HP: 2/59 [water moccasin (6)]
  5619 | D:6      | Slain by a water moccasin

Illustrated notes

Levels and vault maps discovered:
D:1:      dpeg_arrival_snail, layout_rooms, serial_glass, glass_columns_b,
          glass_columns_a, due_unseen_surprise, minmay_strange_pillars,
          minmay_strange_pillars, shapermc_ecumenical_altar_ellora
D:2:      minmay_diamond_boxcup, layout_basic, minmay_box_of_dots
D:3:      layout_loops_ring, mainiacjoe_overflow_catch_the_wave
D:4:      layout_loops_corners, corexii_hall_statues_u
D:5:      gammafunk_steamed_eel, layout_rooms,
          minmay_temple_entry_statues_fountains, minmay_misc_feat_ornament,
          minmay_manual_monstrance
D:6:      layout_loops_ring, kiku_gazebo_garden_becter, gup_sewer_entry_bubbles,
          serial_shops, nicolae_shop_stone
Temple:   minmay_crystal_spiral_temple

Skill      XL: |  1  2  3  4  5  6  7 |
---------------+----------------------+-----
Axes           | 3 5 6 8 10 | 10.8
Fighting       | 4 |  4.0
Armour         | 4 |  4.0
Shields        | 4 |  4.0

Action                   |  1- 3 |  4- 6 |  7- 9 || total
-------------------------+-------+-------+-------++-------
Melee: War axe           |    77 |   194 |    47 ||   318
  Use: Potion            |       |       |     1 ||     1
Armor: Scale mail        |    41 |    92 |       ||   133
       Chain mail        |       |     2 |    22 ||    24
Dodge: Dodged            |    62 |    80 |    17 ||   159
Block: Buckler           |    14 |    52 |     9 ||    75
